Map: New Repugnancy LE

Players

TYTY (TY) - Winner!

  • Race: Terran Terran
  • League: Master
  • Spawn Location: 1:00

llllllllllll (Stats)

  • Race: Protoss Protoss
  • League: Grandmaster
  • Spawn Location: 7:00

Event: HomeStory Cup XIX

VOD

Have the link to the VOD?

Description

Time

  • Played on: June 30, 2019, 7:38 a.m.
  • Length: 7:57

All games in this series

Show
View Real Time Build Order
Export as new Build Order

TYTY Terran - Winner!

Build Orders:  

Get SALT Encoding   

  12  0:00  SCV  
  13  0:12  SCV  
  14  0:18  Supply Depot  
  14  0:24  SCV  
  15  0:40  SCV  
  15  0:42  Barracks  
  16  0:46  Refinery  
  16  0:52  SCV  
  16  0:56  Refinery  
  17  1:04  SCV  
  18  1:16  SCV  
  19  1:28  SCV  
  20  1:40  SCV  
  22  1:59  Reaper  
  22  2:00  Orbital Command  
  22  2:04  Factory  
  22  2:10  Supply Depot  
  22  2:27  SCV  
  23  2:32  Reaper  
  23  2:37  Command Center  
  23  2:39  SCV  
  24  2:52  SCV, Supply Depot  
  24  2:54  Factory Tech Lab  
  24  3:04  SCV  
  24  3:08  Barracks  
  24  3:12  Cyclone  
  27  3:15  Barracks  
  27  3:16  SCV  
  28  3:22  Supply Depot  
  28  3:28  SCV  
  29  3:41  SCV  
  28  3:44  Cyclone  
  30  3:57  Orbital Command  
  30  3:58  SCV  
  30  4:01  Barracks Reactor  
  30  4:05  Barracks Reactor  
  30  4:13  SCV  
  30  4:16  Orbital Command, Siege Tank  
  33  4:25  SCV  
  34  4:32  Barracks Tech Lab  
  34  4:37  Marine x2, SCV  
  37  4:41  SCV  
  37  4:43  Marine x2  
  40  4:48  Siege Tank  
  40  4:49  SCV  
  40  4:52  Marine  
  45  4:53  SCV  
  45  4:55  Marine  
  47  5:00  Marine  
  47  5:01  Combat Shield, Marine x2  
  47  5:03  Supply Depot  
  51  5:09  Marine  
  51  5:13  Marine  
  52  5:18  Marine  
  52  5:19  Marine x2  
  45  5:21  SCV  
  45  5:26  Siege Tank  
  45  5:31  Marine x2  
  46  5:36  Marine  
  46  5:37  Marine  
  46  5:44  Marine  
  46  5:49  Marine  
  49  5:55  Marine x2  
  49  5:59  Siege Tank, Marine  
  49  6:03  Marine  
  53  6:07  Marine  
  54  6:13  Marine x2  
  58  6:18  Marine  
  58  6:21  Marine  
  58  6:25  Marine  
  58  6:31  Siege Tank, Marine  
  63  6:40  Marine x2  
  63  6:42  SCV  
  63  6:43  Marine x2  
  63  6:44  Supply Depot  
  68  6:47  SCV  
  68  6:51  Marine  
  70  7:05  Marine x2  
  70  7:06  Siege Tank  
  75  7:12  Marine x2  
  77  7:20  Bunker x2  
  78  7:24  Bunker  
  78  7:25  Marine  
  78  7:27  Supply Depot  
  66  7:37  Marine x2  
Show
View Real Time Build Order
Export as new Build Order

llllllllllll Protoss 

Build Orders: Oracle Opening 

Get SALT Encoding   

  12  0:01  Probe  
  13  0:13  Probe  
  14  0:17  Pylon  
  14  0:24  Probe  
  15  0:32  Probe  
  15  0:37  Gateway  
  15  0:40  Probe  
  16  0:46  Assimilator  
  17  0:51  Probe  
  17  0:54  Assimilator  
  18  1:03  Probe  
  19  1:16  Probe  
  20  1:24  Cybernetics Core  
  20  1:28  Probe  
  21  1:34  Pylon  
  21  1:40  Probe  
  22  1:50  Adept  
  22  1:52  Probe  
  25  2:01  Stargate  
  25  2:04  Probe  
  26  2:09  Warp Gate  
  26  2:21  Stalker  
  28  2:36  Oracle, Nexus  
  28  2:40  Probe  
  30  2:56  Pylon  
  29  2:58  Probe  
  29  3:04  Oracle  
  30  3:10  Probe  
  34  3:22  Probe, Adept  
  37  3:35  Probe, Pylon  
  38  3:47  Probe  
  39  3:50  Probe  
  40  3:58  Probe  
  40  3:59  Probe, Gateway  
  42  4:07  Gateway  
  42  4:10  Stalker  
  42  4:11  Probe  
  42  4:13  Probe  
  46  4:23  Probe x2  
  48  4:32  Probe  
  48  4:33  Stalker  
  48  4:35  Probe  
  52  4:38  Pylon  
  52  4:39  Twilight Council  
  52  4:42  Probe  
  53  4:47  Probe  
  54  4:57  Stalker x2  
  58  5:02  Stalker  
  58  5:07  Probe x2  
  58  5:27  Stalker x2  
  51  5:36  Probe x2  
  49  5:44  Stalker  
  49  5:49  Probe  
  53  5:50  Probe  
  53  5:51  Assimilator, Blink  
  53  5:52  Assimilator  
  53  5:53  Robotics Facility  
  53  5:55  Adept x2  
  57  6:03  Probe x2  
  59  6:08  Nexus  
  59  6:09  Pylon  
  53  6:19  Stalker x3  
  53  6:21  Probe  
  53  6:22  Probe  
  61  6:33  Probe  
  61  6:34  Probe  
  61  6:35  Forge  
  63  6:42  Robotics Bay  
  63  6:46  Immortal  
  63  6:48  Zealot  
  63  6:50  Pylon  
  63  6:53  Shield Battery  
  67  7:02  Stalker  
  67  7:13  Stalker x2  
  67  7:16  Immortal  
  65  7:27  Stalker, Gateway x2  
  70  7:36  Probe x2  
  54  7:42  Stalker x2  
Tags
 
Add a new tag
Caveats
  • Supply blocks, unpowered buildings, or Contaminate may cause inaccurate times.
  • Supply counts are checked every 10 seconds.